 Dungeon Crawl Stone Soup version 0.21.1-1-g345015fe64 (webtiles) character file.

5007 Peloso the Carver (level 10, -2/88 HPs)
             Began as a Minotaur Fighter on May 26, 2018.
             Was a Priest of Okawaru.
             Succumbed to a soldier ant's poison
             ... on level 8 of the Dungeon.
             The game lasted 00:17:29 (7942 turns).

Peloso the Carver (Minotaur Fighter)                Turns: 7942, Time: 00:17:29

Health: -2/88      AC: 13    Str: 22    XL:     10   Next: 29%
Magic:  9/9        EV:  8    Int:  5    God:    Okawaru [***...]
Gold:   461        SH: 14    Dex: 12    Spells: 9/9 levels left

rFire    . . .     SeeInvis .   a - +1 long sword
rCold    + . .     Gourm    .   c - +0 shield
rNeg     . . .     Faith    .   b - +0 chain mail {rC+}
rPois    .         Spirit   .   (helmet restricted)
rElec    .         Reflect  +   (no cloak)
rCorr    .         Harm     .   o - +0 pair of gloves
MR       .....                  n - +0 pair of boots
Stlth    ..........             w - +2 amulet of reflection
HPRegen  0.24/turn              (no ring)
MPRegen  0.11/turn              (no ring)

@: lethally poisoned (-2 -> -36), slowed, very slow
A: retaliatory headbutt, horns 2
a: Heroism, Renounce Religion


You were on level 8 of the Dungeon.
You worshipped Okawaru.
Okawaru was most pleased with you.
You were not hungry.

You visited 2 branches of the dungeon, and saw 9 of its levels.
You also visited: Sewer.

You collected 461 gold pieces.

Inventory:

Hand Weapons
 a - a +1 long sword (weapon)
 t - the +5 whip of the Asp {flame, Str-4 Int+4}
   (You found it on level 4 of the Dungeon)

   It has been specially enchanted to burn those struck by it, causing extra
   injury to most foes and up to half again as much damage against particularly
   susceptible opponents.
   It affects your strength (-4).
   It affects your intelligence (+4).
Armour
 b - a +0 chain mail of cold resistance (worn)
 c - a +0 shield (worn)
 n - a +0 pair of boots (worn)
 o - a +0 pair of gloves (worn)
Jewellery
 s - an uncursed ring of stealth {unknown}
 w - a +2 amulet of reflection (around neck)
 y - a cursed amulet of inaccuracy {unknown}
Wands
 g - a wand of flame (30)
 p - a wand of acid (11)
 q - a wand of scattershot (3)
Scrolls
 e - 3 scrolls of identify
 j - 2 scrolls of remove curse
 l - 2 scrolls of enchant weapon
 v - 2 scrolls of amnesia
Potions
 d - 3 potions of flight
 i - 2 potions of brilliance
 k - 2 potions of curing
 m - a potion of haste {unknown}
 u - a potion of resistance {unknown}
 x - a potion of lignification {unknown}
Books
 h - a book of Air

   Spells                             Type                      Level
   a - Shock                          Conjuration/Air              1
   b - Swiftness                      Charms/Air                   2
   c - Static Discharge               Conjuration/Air              3
   d - Airstrike                      Air                          4
   e - Lightning Bolt                 Conjuration/Air              5
Comestibles
 f - 14 rations


   Skills:
 + Level 8.2 Fighting
 + Level 10.9 Long Blades
 + Level 8.4 Armour
 + Level 2.8 Dodging
 + Level 1.1 Stealth
 + Level 10.2 Shields


You had 9 spell levels left.
You didn't know any spells.

Dungeon Overview and Level Annotations

Branches:
Dungeon (8/15)             Temple (1/1) D:6
   Lair: D:8-11

Altars:
Ashenzari
Cheibriados
Dithmenos
Elyvilon
Hepliaklqana
Kikubaaqudgha
Makhleb
Nemelex Xobeh
Okawaru
Qazlal
Sif Muna
Trog
Uskayaw
Vehumet
Wu Jian
Xom
The Shining One

Annotations:
D:8 exclusion: statue


Innate Abilities, Weirdness & Mutations

You reflexively headbutt those who attack you in melee.
You have a pair of horns on your head.


Message History

You block the hornet's attack.
The soldier ant stings you but does no damage.
The hornet stings you!
* * * LOW HITPOINT WARNING * * *
You feel yourself slow down. The soldier ant stings you.
* * * LOW HITPOINT WARNING * * *
You are more poisoned.
The soldier ant poisons you!
You hit the hornet.
The hornet is almost dead.
* * * LOW HITPOINT WARNING * * *
You feel very sick. You block the hornet's attack.
You block the soldier ant's attack. The hornet stings you!
* * * LOW HITPOINT WARNING * * *
You feel as though you will be slow longer.
You hit the hornet.
You kill the hornet!
Okawaru is honoured by your kill.
You die...

#.# #.# #.#############
#.............##
########....#..#########
#.###.###.......########
#.# #.#.#.#####.........
...#.#†##.# ##########
.#.###.#@#.#
#.#..#.#a##.# # #####a#
### ##


You could see 2 soldier ants.

Vanquished Creatures
  A two-headed ogre (D:8)
  Pikel (D:5)
  The ghost of Gargoyl the Skirmisher, an amateur CeAK of Lugonu (D:4)
  2 hornets (D:8)
  Edmund (D:6)
  3 ice beasts
  2 orc warriors (D:7)
  A slave (D:5)
  4 centaurs
  8 ogres
  A phantom (D:5)
  3 big kobolds
  2 howler monkeys (D:7)
  4 crimson imps
  2 bullfrog zombies
  A jelly (D:6)
  2 gnoll shamans (D:7)
  3 hounds
  4 orc priests
  3 orc wizards
  A centaur skeleton (D:5)
  3 iguanas
  Terence (D:3)
  8 worker ants
  A hound zombie (D:7)
  A hound skeleton (D:4)
  13 gnolls
  14 adders
  A river rat (D:4)
  4 shadow imps
  An ooze (D:5)
  2 adder skeletons (D:8)
  4 worms
  2 dart slugs
  9 leopard geckos
  26 orcs
  3 ball pythons
  10 giant cockroaches
  5 goblins
  3 hobgoblins
  16 jackals
  11 bats
  9 frilled lizards
  8 kobolds
  A leopard gecko skeleton (D:4)
  A quokka zombie (D:5)
  8 rats
  2 plants (D:7)
217 creatures vanquished.

Vanquished Creatures (others)
  A worker ant (D:5)
  A fungus (D:7)
  A plant (D:7)
3 creatures vanquished.

Grand Total: 220 creatures vanquished

Notes
Turn   | Place    | Note
-------+----------+-------------------------------------------
     0 | D:1      | Peloso the Minotaur Fighter began the quest for the Orb.
     0 | D:1      | Reached XP level 1. HP: 19/19 MP: 0/0
    96 | D:1      | Reached XP level 2. HP: 17/27 MP: 1/1
   496 | D:2      | Reached XP level 3. HP: 28/33 MP: 2/2
   670 | D:2      | Reached XP level 4. HP: 13/40 MP: 3/3
  1167 | D:3      | Reached skill level 1 in Dodging
  1167 | D:3      | Reached XP level 5. HP: 47/47 MP: 4/4
  1679 | D:3      | Noticed Terence
  1686 | D:3      | Killed Terence
  1686 | D:3      | Reached skill level 5 in Shields
  2100 | D:4      | Noticed an ogre
  2116 | D:4      | Killed an ogre
  2116 | D:4      | Reached skill level 5 in Armour
  2116 | D:4      | Reached XP level 6. HP: 45/53 MP: 5/5
  2295 | D:4      | Reached skill level 5 in Long Blades
  2386 | D:4      | Found a glowing drain.
  2409 | Sewer    | Entered a sewer
  2488 | Sewer    | Reached skill level 5 in Fighting
  2488 | Sewer    | Reached XP level 7. HP: 61/61 MP: 6/6
  2508 | Sewer    | Found a white marble altar of Elyvilon.
  2678 | D:4      | Got a polished whip
  2679 | D:4      | Identified the +5 whip of the Asp {flame, Str-4 Int+4} (You found it on level 4 of the Dungeon)
  3163 | D:4      | Noticed Gargoyl's ghost (amateur CeAK)
  3195 | D:4      | Killed Gargoyl's ghost
  3364 | D:5      | Entered Level 5 of the Dungeon
  3483 | D:5      | Reached XP level 8. HP: 47/70 MP: 7/7
  3674 | D:5      | Noticed Pikel
  3708 | D:5      | Killed Pikel
  4496 | D:5      | Found a shadowy altar of Dithmenos.
  4793 | D:6      | Noticed Edmund
  4797 | D:6      | Reached XP level 9. HP: 66/79 MP: 8/8
  4810 | D:6      | Killed Edmund
  4836 | D:6      | Found a sparkling altar of Nemelex Xobeh.
  4868 | D:6      | Found a staircase to the Ecumenical Temple.
  4874 | Temple   | Entered the Ecumenical Temple
  5026 | Temple   | Became a worshipper of Warmaster Okawaru
  5175 | D:6      | Found an ancient bone altar of Kikubaaqudgha.
  5387 | D:7      | Found a shattered altar of Ashenzari.
  6336 | D:7      | Reached * piety under Okawaru
  6358 | D:7      | Reached skill level 1 in Stealth
  6526 | D:7      | Reached skill level 10 in Long Blades
  6945 | D:8      | Found a radiant altar of Vehumet.
  6986 | D:8      | Noticed a two-headed ogre
  6997 | D:8      | Killed a two-headed ogre
  6997 | D:8      | Reached ** piety under Okawaru
  6997 | D:8      | Reached XP level 10. HP: 44/88 MP: 9/9
  7333 | D:8      | Found a deep blue altar of Sif Muna.
  7788 | D:8      | Reached skill level 10 in Shields
  7829 | D:8      | Reached *** piety under Okawaru
  7829 | D:8      | Received a gift from Okawaru
  7941 | D:8      | HP: 1/88 [hornet (10)]
  7942 | D:8      | Succumbed to a soldier ant's poison

Skill      XL: |  1  2  3  4  5  6  7  8  9 10 |
---------------+-------------------------------+-----
Shields        | 4 5 6 7 9 10 | 10.2
Fighting       | 4 5 7 8 |  8.2
Armour         | 4 5 6 7 8 |  8.4
Long Blades    | 3 4 5 7 8 10 | 10.9
Dodging        | 1 2 |  2.8
Stealth        | 1 |  1.1

Action                   |  1- 3 |  4- 6 |  7- 9 | 10-12 || total
-------------------------+-------+-------+-------+-------++-------
Melee: Long sword        |    72 |   170 |   370 |    94 ||   706
       Headbutt          |    10 |    24 |   111 |    19 ||   164
       Whip              |       |       |    28 |       ||    28
  Use: Scroll            |       |     3 |     8 |       ||    11
       Potion            |       |     1 |     3 |     1 ||     5
  Eat: Chunk             |       |     5 |    15 |     4 ||    24
Armor: Scale mail        |    40 |     1 |       |       ||    41
       Chain mail        |       |    88 |   164 |    32 ||   284
Dodge: Dodged            |    28 |    41 |    93 |    22 ||   184
Block: Shield            |    54 |    88 |   217 |    73 ||   432
       Reflection        |       |       |       |     4 ||     4
       Rpst.: Long sword |     8 |    14 |    26 |     8 ||    56
